 Dungeon Crawl Stone Soup version 0.29-a0-565-g7a16c6de65 (webtiles) character file.

Game seed: 6197939612122357017

19595 Lekart the Spear-Bearer (level 12, -4/106 HPs)
             Began as a Yellow Draconian Chaos Knight on June 12, 2022.
             Was a Plaything of Xom.
             Slain by an entropy weaver simulacrum (6 damage)
             ... in an ice cave.
             The game lasted 00:41:00 (16764 turns).

Lekart the Spear-Bearer (DrCK)                     Turns: 16764, Time: 00:41:01

Health: -4/106     AC: 15    Str: 21      XL:     12   Next: 37%
Magic:  17/17      EV: 19    Int: 13 (14) God:    Xom [....*.]
Gold:   661        SH:  0    Dex: 11      Spells: 13/18 levels left

rFire   . . .      SeeInvis .   j - +8 spear of Generosity {pain, rElec rC+ Int+2}
rCold   + + .      Faith    .   (no shield)
rNeg    + + .      Spirit   .   (body armour unavailable)
rPois   .          Reflect  .   i - +2 hat
rElec   +          Harm     .   m - +2 cloak
rCorr   +          Rampage  .   z - +1 pair of gloves of Noon {rN+ Str+4 Stlth-}
Will    .....                   (no boots)
Stlth   +.........              q - amulet of the acrobat
HPRegen 0.27/turn               s - ring of Veusmi {rN+ Int+3}
MPRegen 0.15/turn               u - +4 ring of evasion

@: confused, short of breath, ambrosia-drunk, unable to read
A: spit acid, AC +8, unfitting armour, cold-blooded, acid resistance, horns 1,
camouflage 1, clumsy 1, cold resistance 1, deterioration 2, dopey 2, screaming
2, inability to read while threatened, noise suppression
a: Breathe Acid, Renounce Religion


You were in an ice cave.
You worshipped Xom.
You were a beloved toy of Xom.
You visited 3 branches of the dungeon, and saw 16 of its levels.
You also visited: Sewer, Bailey and Ice Cave.

You collected 864 gold pieces.
You spent 203 gold pieces at shops.

Inventory:

Hand Weapons
 a - a +3 hand axe of chaos
 j - the +8 spear of Generosity (weapon) {pain, rElec rC+ Int+2}
   (You found it on level 2 of the Dungeon)

   In the hands of one skilled in necromantic magic, it inflicts extra damage on
   living creatures.
   Int:       It affects your intelligence (+2).
   rC:        It protects you from cold.
   rElec:     It insulates you from electricity.
Missiles
 f - 4 curare-tipped darts
 g - 15 poisoned darts (quivered)
 C - 4 atropa-tipped darts
Armour
 i - a +2 hat (worn)
 m - a +2 cloak (worn)
 z - the +1 pair of gloves of Noon (worn) {rN+ Str+4 Stlth-}
   (You acquired it in a bailey)

   Str:       It affects your strength (+4).
   rN:        It protects you from negative energy.
   Stlth:     It makes you less stealthy.
Jewellery
 q - an amulet of the acrobat (around neck)
 s - the ring of Veusmi (left hand) {rN+ Int+3}
   (Xom gifted it to you on level 4 of the Dungeon)

   [ring of positive energy]

   Int:       It affects your intelligence (+3).
   rN:        It protects you from negative energy.
 u - a +4 ring of evasion (right hand)
 B - a +4 ring of protection
Wands
 n - a wand of digging (10)
 t - a wand of charming (4)
Scrolls
 d - 6 scrolls of identify
 e - a scroll of brand weapon
 h - 3 scrolls of silence
 k - 3 scrolls of enchant armour
 r - 8 scrolls of teleportation
 w - 3 scrolls of fog
 A - a scroll of fear
Potions
 c - 2 potions of attraction
 l - 3 potions of cancellation
 o - a potion of flight
 p - a potion of resistance
 v - a potion of ambrosia
Miscellaneous
 b - a piece from Xom's chessboard (5/15)
 y - a lightning rod (inert)


   Skills:
 + Level 9.7 Fighting
 + Level 4.3(8.6) Axes
 + Level 11.6(11.9) Polearms
 + Level 3.7 Throwing
 + Level 8.6 Dodging
 + Level 3.5 Spellcasting
 * Level 9.3 Necromancy
 + Level 0.3 Transmutations
 + Level 0.4 Earth Magic
 + Level 3.5 Evocations


You had 13 spell levels left.
You knew the following spells:

 Your Spells              Type           Power      Damage    Failure   Level
a - Passwall              Tmut/Erth      2%         N/A       28%         2
b - Vampiric Draining     Necr           26%        2d7       1%          3

Your spell library contained the following spells:

 Spells                   Type           Power      Damage    Failure   Level
 Necrotize                Necr           100%       1d9       1%          1
 Sandblast                Erth           6%         2d5       19%         1
 Apportation              Tloc           4%         N/A       22%         1
 Shock                    Conj/Air       8%         1d3       22%         1
 Slow                     Hex            8%         N/A       22%         1
 Summon Small Mammal      Summ           8%         N/A       22%         1
 Blink                    Tloc           4%         N/A       32%         2
 Stone Arrow              Conj/Erth      4%         3d7       52%         3
 Confusing Touch          Hex            2%         N/A       54%         3
 Inner Flame              Hex/Fire       2%         N/A       54%         3
 Swiftness                Air            2%         N/A       54%         3
 Airstrike                Air            1%         N/A       91%         4
 Cause Fear               Hex            1%         N/A       91%         4
 Blade Hands              Tmut           1%         N/A       99%         5
 Manifold Assault         Tloc           2%         N/A       99%         5
 Iron Shot                Conj/Erth      1%         9d1       100%        6
 Storm Form               Tmut/Air       1%         N/A       100%        7
 Discord                  Hex            1%         N/A       100%        8
 Animate Armour           Summ/Erth      Unusable   N/A       N/A         4

Dungeon Overview and Level Annotations

Branches:
Dungeon (13/15)            Temple (1/1) D:7            Lair (2/6) D:9
 Shoals (0/4) Lair:2          Orc (0/2) D:9           Sewer (visited)
 Bailey (visited)           IceCv (1/1)
  Snake: Lair:2-4    Spider: Lair:2-4    Vaults: D:13-14

Altars:
Ashenzari
Cheibriados
Dithmenos
Elyvilon
Fedhas
Gozag
Hepliaklqana
Kikubaaqudgha
Makhleb
Nemelex Xobeh
Okawaru
Qazlal
Ru
Sif Muna
Trog
Uskayaw
Vehumet
Wu Jian
Xom
Yredelemnul
Zin
The Shining One
Beogh

Shops:
D:2 [

Annotations:
Lair:1 Joseph


Innate Abilities, Weirdness & Mutations

You can spit globs of acid.
Your golden yellow scales are hard. (AC +8)
You cannot fit into any form of body armour.
You are cold-blooded and may be slowed by cold attacks.
You are resistant to acid. (rCorr)
You have a pair of small horns on your head.
Your skin changes colour to match your surroundings (Stealth+).
You are clumsy. (Dex -2)
Your flesh is cold resistant. (rC+)
Your body often deteriorates upon taking damage.
You are very dopey. (Int -4)
You frequently scream uncontrollably at your foes.
You sometimes lose the ability to read scrolls when taking damage.
You passively dampen the noise of your surroundings.


Message History

The entropy weaver simulacrum hits you.
The entropy weaver simulacrum freezes you!
You resist. The entropy weaver simulacrum hits you!
The entropy weaver simulacrum freezes you!
You resist.
You feel threatened and lose the ability to read scrolls!
The entropy weaver simulacrum hits you!
The entropy weaver simulacrum freezes you!
You resist. The entropy weaver simulacrum hits you.
The entropy weaver simulacrum freezes you!
You resist.
You are too injured to fight recklessly!
You are too injured to fight recklessly!
Press: ? - help, Shift-Dir - straight line, f - entropy weaver simulacrum
Aim: an entropy weaver simulacrum (lightly damaged, 77% to hit)
You spit a glob of acid.
The glob of acid misses the entropy weaver simulacrum.
The entropy weaver simulacrum hits you but does no damage.
The entropy weaver simulacrum completely misses you.
The entropy weaver simulacrum hits you.
The entropy weaver simulacrum freezes you!
You resist.
* * * LOW HITPOINT WARNING * * *
The entropy weaver simulacrum hits you!
* * * LOW HITPOINT WARNING * * *
The entropy weaver simulacrum freezes you!
You resist.
* * * LOW HITPOINT WARNING * * *
Okay, then.
You cannot read scrolls in your current state!
You are confused.
You feel invigorated.
The entropy weaver simulacrum closely misses you.
The entropy weaver simulacrum hits you but does no damage. x2
The entropy weaver simulacrum hits you!
* * * LOW HITPOINT WARNING * * *
The entropy weaver simulacrum freezes you.
You resist.
You die...
Xom howls with laughter!

###.....### #.'.........+
#.........# ###.#####'#####
.........####...#.#.#.#
.........#.⌠#.###'#'#.#+#+#
.........#.('.#.'.........#
.........########.8.8.8.8.#
...........#..............#
.....⌠.....'..............+
...........#....@.........#
.........########Z8.8.8.8.#
.........#.)'.#.'.........#
.........#.⌠# ###'#'#.#'#+#
.........#### #.#.#.#.#
#.........# #####'###
###.....### ... #######
#####


You could see an entropy weaver simulacrum.

Vanquished Creatures
  A boulder beetle (D:12)
  A centaur warrior (D:13)
  A two-headed ogre (D:5)
  Sonja (D:10)
  A deep elf pyromancer (D:12)
  An orc sorcerer (Bailey)
  A manticore (D:12)
  2 ice statues (IceCv)
  2 komodo dragons
  5 ice devils
  A kobold demonologist (Bailey)
  2 trolls
  Grinder (D:3)
  2 shadows
  2 wyverns (D:9)
  4 dire elephant simulacra (IceCv)
  A vampire (D:10)
  17 yaks
  2 basilisks (D:9)
  2 steam dragons
  3 vampire mosquitoes
  3 acid dragons
  A water moccasin (Lair:2)
  3 black bears
  20 orc warriors
  2 sky beasts (D:7)
  2 ogres
  An ice beast (D:4)
  2 centaurs
  The ghost of Sekuso the Bolt Thrower, an amateur FoHu of Gozag (D:2)
  The ghost of Glokmah the Insei, an amateur MfTm (D:3)
  A phantom (D:6)
  3 bullfrogs
  2 gnoll sergeants
  Blork the orc (D:4)
  A scorpion (D:5)
  2 necrophages
  4 wights (D:9)
  3 killer bees (D:6)
  The ghost of astraldaughter the Skirmisher, a weakling DsFi (D:3)
  4 howler monkeys
  5 electric eels (Bailey)
  A jelly (D:6)
  A gnoll shaman (D:9)
  11 orc priests
  A hound (D:6)
  Jessica (D:2)
  4 iguanas
  Ijyb (D:4)
  8 orc wizards
  2 spriggan simulacra (IceCv)
  A polar bear simulacrum (IceCv)
  2 wolf simulacra (IceCv)
  8 adders
  24 gnolls
  A river rat (Sewer)
  A white imp (D:7)
  An ufetubus (IceCv)
  2 worms
  2 dart slugs
  The ghost of nvdl the Sneak, a weakling SpEn (D:3)
  59 orcs
  6 bats
  7 endoplasms
  4 giant cockroaches
  11 goblins
  18 hobgoblins
  2 jackals (D:4)
  3 quokkas
  11 ball pythons
  10 frilled lizards
  5 kobolds
  8 rats
333 creatures vanquished.

Vanquished Creatures (collateral kills)
  Erolcha (D:10)
  An entropy weaver simulacrum (IceCv)
  An ice devil (IceCv)
  A dire elephant simulacrum (IceCv)
  7 yaks
  An orc warrior (Bailey)
  A kobold brigand (D:7)
  A gnoll (Bailey)
  2 orcs (D:8)
  A goblin (Bailey)
  2 kobolds (D:7)
19 creatures vanquished.

Vanquished Creatures (others)
  A hobgoblin (Bailey)
  A quokka (D:8)
  A fungus (D:9)
  2 plants (Lair:2)
5 creatures vanquished.

Grand Total: 357 creatures vanquished

Notes
Turn   | Place    | Note
-------+----------+-------------------------------------------
     0 | D:1      | Lekart the Draconian Chaos Knight began the quest for the
                  | Orb.
     0 | D:1      | Reached XP level 1. HP: 19/19 MP: 1/1
    86 | D:1      | XOM: silly message
   115 | D:1      | Found a faded altar of an unknown god.
   155 | D:1      | Reached XP level 2. HP: 19/26 MP: 2/2
   445 | D:1      | XOM: silly message
   741 | D:1      | XOM: silly message
   889 | D:1      | XOM: silly message
  1064 | D:2      | XOM is BORED!
  1064 | D:2      | XOM: summons 2 hostile demons
  1065 | D:2      | Noticed a crimson imp
  1225 | D:2      | XOM: god gift: 5 javelins
  1258 | D:2      | XOM: draining
  1259 | D:2      | Identified the +8 spear of Generosity {pain, rElec rC+
                  | Int+2}
  1262 | D:2      | XOM: summons friendly ufetubus
  1266 | D:2      | Reached XP level 3. HP: 26/29 MP: 3/3
  1361 | D:2      | Noticed Jessica
  1365 | D:2      | Killed Jessica
  1418 | D:2      | Found Japsorgh's Antique Armour Shop.
  1519 | D:2      | XOM: 2-stop teleportation journey
  1557 | D:2      | Reached XP level 4. HP: 40/40 MP: 4/4
  1629 | D:2      | XOM: 3-stop teleportation journey
  1961 | D:3      | Found a runed translucent gate.
  1961 | D:3      | Noticed Glokmah's ghost (amateur MfTm)
  1991 | D:3      | Reached skill level 1 in Necromancy
  2009 | D:3      | Noticed Grinder
  2015 | D:3      | Reached skill level 1 in Polearms
  2206 | D:3      | XOM: god gift: 22 stones
  2215 | D:3      | Reached XP level 5. HP: 45/46 MP: 5/5
  2218 | D:3      | XOM: enchant monster (bad)
  2219 | D:3      | Killed Grinder
  2220 | D:3      | Reached skill level 2 in Polearms
  2220 | D:3      | Reached XP level 6. HP: 44/53 MP: 6/6
  2353 | D:3      | Found a runed translucent gate.
  2353 | D:3      | Noticed Sekuso's ghost (amateur FoHu)
  2353 | D:3      | Noticed nvdl's ghost (weakling SpEn)
  2353 | D:3      | Noticed astraldaughter's ghost (weakling DsFi)
  2354 | D:3      | Found a runed translucent gate.
  2481 | D:3      | Found a radiant altar of Vehumet.
  2825 | D:4      | Noticed Ijyb
  2835 | D:4      | Killed Ijyb
  2836 | D:4      | Reached skill level 3 in Polearms
  2885 | D:4      | Identified the ring of Veusmi {rN+ Int+3} (Xom gifted it to
                  | you on level 4 of the Dungeon)
  2885 | D:4      | XOM: god gift: ring of Veusmi {rN+ Int+3}
  3075 | D:4      | Noticed an ice beast
  3082 | D:4      | Killed an ice beast
  3142 | D:4      | Noticed Blork the orc
  3143 | D:4      | XOM: enchant monster (good)
  3149 | D:4      | Your scales start taking on a golden yellow colour.
  3149 | D:4      | Reached XP level 7. HP: 60/60 MP: 7/7
  3149 | D:4      | Gained mutation: You are resistant to acid. (rCorr) [Yellow
                  | Draconian growth]
  3150 | D:4      | Killed Blork the orc
  3164 | D:4      | XOM: scenery: create altars
  3165 | D:4      | Reached skill level 4 in Polearms
  3246 | D:4      | XOM: cloud trail
  3894 | D:4      | XOM: give mutations
  3894 | D:4      | Gained mutation: Your flesh is cold resistant. (rC+) [Xom's
                  | grace]
  3894 | D:4      | Gained mutation: You are agile. (Dex +2) [Xom's grace]
  3992 | D:4      | XOM: give mutations
  3992 | D:4      | Lost mutation: You are agile. (Dex +2) [Xom's mischief]
  3992 | D:4      | Gained mutation: You are weak. (Str -2) [Xom's mischief]
  4016 | D:5      | Entered Level 5 of the Dungeon
  4019 | D:5      | Found a shadowy altar of Dithmenos.
  4022 | D:5      | Found a hide-covered altar of Uskayaw.
  4038 | D:5      | Reached skill level 5 in Fighting
  4055 | D:5      | Reached skill level 5 in Polearms
  4201 | D:5      | Reached XP level 8. HP: 53/68 MP: 8/8
  4242 | D:5      | XOM: 3-stop teleportation journey
  4254 | D:5      | XOM: enchant monster (bad)
  4277 | D:5      | XOM: confusion
  4288 | D:5      | Noticed a two-headed ogre
  4291 | D:5      | HP: 1/68 [two-headed ogre/+0 giant spiked club (24)]
  4612 | D:5      | Found a glowing drain.
  4616 | Sewer    | Entered a sewer
  4653 | Sewer    | Reached skill level 6 in Polearms
  4901 | Sewer    | XOM: smoke on damage
  5090 | D:5      | XOM: give mutations
  5090 | D:5      | Gained mutation: You are clumsy. (Dex -2) [Xom's mischief]
  5090 | D:5      | Gained mutation: Your body sometimes deteriorates upon
                  | taking damage. [Xom's mischief]
  5090 | D:5      | Gained mutation: You occasionally shout uncontrollably at
                  | your foes. [Xom's mischief]
  5090 | D:5      | Lost mutation: You are weak. (Str -2) [Xom's mischief]
  5120 | D:5      | XOM: silly message
  5153 | D:5      | XOM: 2-stop teleportation journey
  5535 | D:5      | XOM: 9-stop teleportation journey
  5621 | D:5      | Killed a two-headed ogre
  5622 | D:5      | Reached skill level 7 in Polearms
  5622 | D:5      | Reached skill level 5 in Dodging
  5622 | D:5      | Reached XP level 9. HP: 30/75 MP: 9/9
  5632 | D:5      | XOM: give mutations
  5632 | D:5      | Lost mutation: Your flesh is cold resistant. (rC+) [Xom's
                  | mischief]
  5632 | D:5      | Gained mutation: Your skin changes colour to match your
                  | surroundings (Stealth+). [Xom's mischief]
  5864 | D:5      | XOM: give mutations
  5864 | D:5      | Gained mutation: Your body often deteriorates upon taking
                  | damage. [Xom's mischief]
  5864 | D:5      | Gained mutation: You are strong-willed. (Will+) [Xom's
                  | mischief]
  5864 | D:5      | Gained mutation: You frequently scream uncontrollably at
                  | your foes. [Xom's mischief]
  5864 | D:5      | Gained mutation: You sometimes lose the ability to read
                  | scrolls when taking damage. [Xom's mischief]
  5934 | D:5      | XOM: confusion (+ monsters)
  5942 | D:5      | Reached skill level 5 in Necromancy
  6002 | D:5      | XOM: god gift: 16 stones
  6553 | D:2      | Bought a runed hat for 203 gold pieces
  6561 | D:2      | XOM: god gift: potion of resistance
  6623 | D:3      | Learned a level 2 spell: Passwall
  6684 | D:3      | Killed Glokmah's ghost
  6693 | D:2      | Killed Sekuso's ghost
  6763 | D:3      | Killed astraldaughter's ghost
  6767 | D:3      | Killed nvdl's ghost
  6803 | D:3      | XOM: god gift: battleaxe {god gift}
  7070 | D:6      | XOM: confuse monster(s)
  7151 | D:6      | Learned a level 3 spell: Vampiric Draining
  7661 | D:7      | XOM: scenery: create altars
  7672 | D:7      | Reached skill level 1 in Spellcasting
  7680 | D:7      | XOM: cast spell 'Summon Horrible Things'
  7812 | D:7      | XOM is BORED!
  7812 | D:7      | XOM: summons 5 hostile demons
  7831 | D:7      | XOM: polymorph iron imp -> white imp
  8011 | D:7      | Found a staircase to the Ecumenical Temple.
  8026 | D:7      | Reached skill level 8 in Polearms
  8082 | Temple   | Entered the Ecumenical Temple
  8517 | D:7      | XOM: noise
  8586 | D:6      | XOM: god gift: scroll labelled EZICRUF XIWIF {god gift}
  8846 | D:8      | XOM: noise
  8851 | D:8      | XOM: enchant monster (good)
  8854 | D:7      | XOM: potion effect (berserk rage)
  8857 | D:8      | XOM: potion effect (might)
  8873 | D:8      | Reached XP level 10. HP: 44/86 MP: 12/12
  9093 | D:8      | Found a white marble altar of Elyvilon.
  9297 | D:8      | XOM: cloud trail
  9563 | D:9      | Reached skill level 1 in Evocations
  9770 | D:9      | XOM: silly message
  9941 | D:9      | XOM: potion effect (haste)
  9972 | D:9      | Reached skill level 9 in Polearms
 10062 | D:9      | Found a staircase to the Lair.
 10095 | D:9      | XOM: draining
 10098 | D:9      | XOM: noise
 10100 | D:9      | XOM: blink monster(s)
 10321 | D:9      | XOM: scenery: summon butterflies
 10378 | D:9      | XOM: repel stairs
 10385 | D:9      | XOM: summons friendly white imp
 10399 | D:9      | Reached skill level 1 in Throwing
 10412 | D:9      | HP: 3/88 [gnoll shaman/+3 whip of freezing (6)]
 10814 | D:9      | XOM: summons 9 friendly demons
 10991 | D:9      | Reached skill level 10 in Polearms
 11203 | D:9      | Found a staircase to the Orcish Mines.
 11323 | D:10     | Entered Level 10 of the Dungeon
 11476 | D:9      | Reached XP level 11. HP: 66/95 MP: 13/13
 11506 | D:10     | Found a flagged portal.
 11523 | Bailey   | Entered a bailey
 11563 | Bailey   | XOM: 1-stop teleportation journey
 11619 | Bailey   | Acquired the +1 pair of gloves of Noon {rN+ Str+4 Stlth-}
 11656 | Bailey   | Noticed an orc sorcerer
 11663 | Bailey   | Killed an orc sorcerer
 11908 | Bailey   | XOM: cast spell 'Monstrous Menagerie'
 11924 | Bailey   | Found an iron altar of Okawaru.
 12357 | Bailey   | XOM: 1-stop teleportation journey
 12782 | D:10     | Noticed Sonja
 12788 | D:10     | Killed Sonja
 12788 | D:10     | Noticed Erolcha
 12789 | D:10     | XOM: cast spell 'Summon Horrible Things'
 12793 | D:10     | Killed Erolcha
 12842 | D:10     | XOM: give mutations
 12842 | D:10     | Gained mutation: You are very clumsy. (Dex -4) [Xom's
                  | mischief]
 12842 | D:10     | Lost mutation: You are strong-willed. (Will+) [Xom's
                  | mischief]
 13415 | D:10     | XOM: divination: detect items
 13587 | D:10     | XOM: silly message
 13665 | D:11     | You fall into a shaft and drop 1 floor!
 13690 | D:12     | Noticed a boulder beetle
 13690 | D:12     | XOM: 4-stop teleportation journey
 13694 | D:12     | XOM: confuse monster(s)
 13696 | D:12     | XOM: swap monsters
 13703 | D:12     | Killed a boulder beetle
 13791 | D:12     | XOM: 1-stop teleportation journey
 13794 | D:12     | Noticed a deep elf pyromancer
 13808 | D:12     | XOM: stat loss: -1 Dex (7/8)
 13809 | D:12     | Killed a deep elf pyromancer
 13813 | D:12     | XOM: 1-stop teleportation journey
 13835 | D:12     | Reached skill level 11 in Polearms
 14478 | D:13     | XOM: repel stairs
 14498 | D:13     | XOM: swap monsters
 14507 | D:13     | XOM: blink monster(s)
 14684 | D:12     | XOM: give mutations
 14684 | D:12     | Gained mutation: You are dopey. (Int -2) [Xom's mischief]
 14684 | D:12     | Gained mutation: You are very dopey. (Int -4) [Xom's
                  | mischief]
 14756 | D:12     | XOM: noise
 14827 | D:12     | XOM: summons 1 hostile demon
 14846 | D:13     | Reached XP level 12. HP: 103/104 MP: 15/15
 14855 | D:13     | Noticed a centaur warrior
 14863 | D:13     | Killed a centaur warrior
 14917 | D:13     | XOM: fake destruction
 14925 | D:13     | XOM: fog
 14937 | D:13     | Noticed a vault guard
 14937 | D:13     | Noticed an ogre mage
 14937 | D:13     | XOM: 3-stop teleportation journey
 15151 | D:9      | XOM is BORED!
 15167 | Lair:1   | Entered Level 1 of the Lair of Beasts
 15167 | Lair:1   | Noticed Joseph
 15167 | Lair:1   | You fall into a shaft and drop 1 floor!
 15216 | Lair:2   | Found a frozen archway.
 15432 | Lair:2   | XOM: scenery: 1 doors open, 1 doors close
 15435 | IceCv    | Entered an ice cave
 15645 | IceCv    | XOM: god gift: wand of charming (4)
 15663 | IceCv    | XOM: summons friendly crimson imp
 15676 | IceCv    | XOM: summons friendly ufetubus
 16304 | IceCv    | XOM: summons 7 friendly demons
 16332 | IceCv    | XOM: summons friendly shadow imp
 16359 | IceCv    | XOM: 6-stop teleportation journey
 16382 | IceCv    | XOM: cleaving
 16613 | IceCv    | XOM: fake destruction
 16656 | IceCv    | XOM: give mutations
 16656 | IceCv    | Lost mutation: You are very clumsy. (Dex -4) [Xom's grace]
 16656 | IceCv    | Gained mutation: You have a pair of small horns on your
                  | head. [Xom's grace]
 16656 | IceCv    | Gained mutation: Your flesh is cold resistant. (rC+) [Xom's
                  | grace]
 16656 | IceCv    | Gained mutation: You passively dampen the noise of your
                  | surroundings. [Xom's grace]
 16764 | IceCv    | HP: 2/106 [entropy weaver simulacrum (8)]
 16764 | IceCv    | Slain by an entropy weaver simulacrum

Illustrated notes

Levels and vault maps discovered:
D:1:      dpeg_arrival_stone_temple_mockup, layout_loops_corners,
          ebering_ecumenical_altar_webs
D:2:      layout_loops_ring, serial_shops, shop, eino_tiny_chamber,
          minmay_stone_trees_small, uniq_jessica
D:3:      layout_rooms, vehumet_crystals, gammafunk_ghost_cemetery, uniq_grinder
D:4:      layout_basic, minmay_small_thing, uniq_blork_the_orc, uniq_ijyb
D:5:      minmay_skewed_foursquare, layout_loops_corners,
          nicolae_overflow_squiral, gup_sewer_entry_bowl
D:6:      layout_loops_ring, nicolae_elevator_lobby_plus
D:7:      layout_loops_ring, minmay_temple_entry_junction_2
D:8:      layout_rooms, elyvilon_altar_4
D:9:      layout_rooms, david_lair_generic, hiddenorc1_lemuel, st_stairs_6,
          grunt_ministairs_12
D:10:     layout_stronghold, enter_bailey_5, uniq_erolcha, uniq_sonja
D:11:     layout_irregular_city, kennysheep_small_square
D:12:     layout_basic
D:13:     layout_roguey [special_room_orc], grunt_vaults_entry_fortified,
          uniq_kirke
Temple:   dpeg_five_rooms_temple
Lair:1:   layout_chaotic_city, grunt_megastairs_1, uniq_joseph
Lair:2:   layout_chaotic_city, minmay_shoals_entry_lonely_mermaid,
          portal_ice_cave_demonic_guard
IceCv:    ice_cave_tombish

Skill      XL: |  1  2  3  4  5  6  7  8  9 10 11 12 |
---------------+-------------------------------------+-----
Fighting       | 4 5 6 7 8 9 |  9.7
Necromancy     | 1 2 3 4 6 7 8 9 |  9.3
Polearms       | 1 2 3 5 7 8 10 11 | 11.6
Axes           | 4 |  4.3
Dodging        | 3 4 5 6 7 8 |  8.6
Spellcasting   | 1 2 3 |  3.5
Evocations     | 1 3 |  3.5
Throwing       | 1 3 |  3.7
Transmutations | |  0.3
Earth Magic    | |  0.4

Action                   |  1- 3 |  4- 6 |  7- 9 | 10-12 || total
-------------------------+-------+-------+-------+-------++-------
Melee: Hand axe          |    36 |       |       |       ||    36
       Tailslap          |     5 |     4 |    22 |    77 ||   108
       Spear             |    15 |    95 |   301 |   646 ||  1057
       Punch             |     1 |       |     4 |     7 ||    12
       Headbutt          |       |       |       |     4 ||     4
Throw: Dart              |       |       |       |    57 ||    57
       Throwing net      |       |       |       |     1 ||     1
 Cast: Vampiric Draining |       |       |     3 |    11 ||    14
       Passwall          |       |       |     3 |       ||     3
 Abil: Breathe Acid      |       |       |    13 |    34 ||    47
Evoke: Wand              |       |     2 |     2 |    11 ||    15
       Piece from Xom's  |       |       |     1 |    15 ||    16
       Lightning rod     |       |       |       |     7 ||     7
  Use: Scroll            |     3 |     8 |    15 |     5 ||    31
       Potion            |       |     2 |     7 |    11 ||    20
 Stab: Sleeping          |     3 |     4 |     4 |     2 ||    13
       Confused          |       |       |     1 |     1 ||     2
       Invisible         |       |       |       |     5 ||     5
       Distracted        |       |       |       |     1 ||     1
Armor: Skin              |     6 |    18 |   106 |   132 ||   262
Dodge: Dodged            |    25 |    44 |   214 |   415 ||   698

Table legend: (Time is in decaauts)
 A = Elapsed time spent in this place.
 B = Non-inter-level travel time spent in this place.
 C = Inter-level travel time spent in this place.
 D = Time resting spent in this place.
 E = Time spent auto-exploring this place.
 F = Levels seen in this place.
 G = Mean time per level.
                   A        B        C        D        E       F      G
               +--------+--------+--------+--------+--------+-----+--------+
         Total |  16488 |  15801 |    687 |   4313 |   8596 |  19 |  867.8 |
       Dungeon |  13255 |  12617 |    638 |   2688 |   7814 |  13 | 1019.6 |
        Temple |    261 |    212 |     49 |      0 |    200 |   1 |  261.0 |
          Lair |    243 |    243 |      0 |    162 |      0 |   2 |  121.5 |
         Sewer |    474 |    474 |      0 |    152 |    238 |   1 |  474.0 |
        Bailey |    985 |    985 |      0 |    339 |    343 |   1 |  985.0 |
      Ice Cave |   1267 |   1267 |      0 |    971 |      0 |   1 | 1267.0 |
               +--------+--------+--------+--------+--------+-----+--------+

Top non-repeatable levels by time:
     D:5: 2047 daAuts
     D:9: 1635 daAuts
   IceCv: 1267 daAuts
     D:4: 1249 daAuts
     D:1: 1168 daAuts
    D:10: 1113 daAuts
    D:12: 1079 daAuts
     D:2: 1048 daAuts
  Bailey: 985 daAuts
     D:8: 967 daAuts
     D:3: 959 daAuts
     D:7: 904 daAuts
     D:6: 731 daAuts
   Sewer: 474 daAuts
    D:13: 305 daAuts
